 Dungeon Crawl Stone Soup version 0.30-a0-528-g8c47a4955b (webtiles) character file.

Game seed: 16754253578966478716

105 jfcaron the Digger (level 5, -7/38 HPs)
             Began as a Meteoran Earth Elementalist on Dec 24, 2022.
             Mangled by a mummy (18 damage)
             ... in an ossuary.
             The game lasted 00:06:22 (773 turns).

jfcaron the Digger (Meteoran Earth Elementalist)     Turns: 773, Time: 00:06:23

Health: -7/38      AC:  2    Str: 10    XL:     5   Next: 31%
Magic:  4/10       EV: 13    Int: 18    God:
Gold:   62         SH:  0    Dex: 14    Spells: 4/10 levels left

rFire   . . .      SeeInvis .    f - +1 whip (vorpal)
rCold   . . .      Faith    .    (no shield)
rNeg    . . .      Spirit   .    a - +0 robe
rPois   .          Reflect  .    (no helmet)
rElec   .          Harm     .    (no cloak)
rCorr   .          Rampage  .    (no gloves)
Will    .....                    (no boots)
Stlth   +                        (no amulet)
HPRegen 0.26/turn                (no ring)
MPRegen 0.12/turn                (no ring)

@: glowing
A: sense surroundings 1, otherworldly, glowing, explore regen
a: no special abilities


You were in an ossuary.
You visited 1 branch of the dungeon, and saw 4 of its levels.
You also visited: Ossuary.

You collected 62 gold pieces.

Inventory:

Hand Weapons
 d - a +0 whip
 f - a +1 vorpal whip (weapon)
Missiles
 e - 7 poisoned darts
Armour
 a - a +0 robe (worn)
Scrolls
 g - 3 scrolls of blinking
 i - a scroll of noise
 j - a scroll of fear
 m - 2 scrolls of enchant weapon
Potions
 c - a potion of cancellation {unknown}
 k - a potion of flight


   Skills:
 - Level 3.0 Dodging
 - Level 2.0 Stealth
 - Level 3.1 Spellcasting
 * Level 3.6 Transmutations
 + Level 4.4 Earth Magic


You had 4 spell levels left.
You knew the following spells:

 Your Spells              Type           Power      Damage    Failure   Level
a - Sandblast             Erth           36%        2d10      2%          1
b - Passwall              Tmut/Erth      14%        N/A       4%          2
c - Stone Arrow           Conj/Erth      20%        3d8       21%         3

Your spell library contained the following spells:

 Spells                   Type           Power      Damage    Failure   Level
 Petrify                  Tmut/Erth      17%        N/A       30%         4
 Portal Projectile        Hex/Tloc       4%         N/A       43%         3
 Tukima's Dance           Hex            2%         N/A       43%         3
 Blade Hands              Tmut           7%         N/A       71%         5


Dungeon Overview and Level Annotations

Branches:
Dungeon (4/15) Zot: 1628  Ossuary (1/1) Zot: 562
 Temple: D:4-7

Altars:
Gozag

Annotations:
D:4 3 runed translucent doors, MAFIAMEASN's ghost, amateur OgFi


Innate Abilities, Weirdness & Mutations

You passively map a small area around you.
You are easily found by Zot.
You glow in the dark.
You regain HP and MP as you explore.


Message History

You destroy the mummy!
The kobold zombie hits you but does no damage.
The mummy hits you!
* * * LOW HITPOINT WARNING * * *
Casting: Sandblast (safe; 2% risk of failure)
Confirm with . or Enter, or press ? or * to list all spells.
Aiming: Sandblast (safe; 2% risk of failure)
Press: ? - help, Shift-Dir - straight line, f - mummy
Aim: a mummy (91% to hit)
The blast of sand hits the mummy!
The mummy is heavily damaged.
The kobold zombie misses you.
Casting: Sandblast (safe; 2% risk of failure)
Confirm with . or Enter, or press ? or * to list all spells.
Aiming: Sandblast (safe; 2% risk of failure)
Press: ? - help, Shift-Dir - straight line, f - mummy, p - mummy
Aim: a mummy (91% to hit)
The blast of sand hits the kobold zombie!
You destroy the kobold zombie!
The orc zombie closely misses you.
Casting: Sandblast (safe; 2% risk of failure)
Confirm with . or Enter, or press ? or * to list all spells.
Aiming: Sandblast (safe; 2% risk of failure)
Press: ? - help, Shift-Dir - straight line, f/p - mummy
Aim: a mummy (91% to hit)
The blast of sand hits the mummy!
The mummy is moderately damaged.
The orc zombie hits you.
* * * LOW HITPOINT WARNING * * *
Casting: Sandblast (safe; 2% risk of failure)
Confirm with . or Enter, or press ? or * to list all spells.
The spell is quite dangerous to miscast (21% risk of failure)!
Continue anyway?
Aiming: Stone Arrow (quite dangerous; 21% risk of failure)
Press: ? - help, Shift-Dir - straight line, f/p - mummy
Aim: a mummy (moderately damaged, 85% to hit)
The stone arrow hits the mummy.
The mummy is heavily damaged.
The orc zombie hits you but does no damage.
The mummy hits you!!
You die...

*#........#
#......#
*#....# ,
#....#,, ,
#....# , ,
,, , #....#
, , #M...#
* ,#ZZ..#
#@MZ.# , *
#....# ,
#.∩∩.# *
###### *


You could see 2 mummies, a gnoll zombie and 2 orc zombies.

Vanquished Creatures
  3 mummies
  3 adders (D:2)
  3 orcs (D:2)
  4 bats
  2 endoplasms
  A giant cockroach (D:1)
  2 gnoll zombies (Ossuary)
  4 goblins
  4 hobgoblins
  A quokka (D:3)
  4 ball pythons
  2 frilled lizards
  3 kobolds
  2 kobold zombies (Ossuary)
  An orc zombie (Ossuary)
  4 rats
43 creatures vanquished.

Notes
Turn   | Place    | Note
-------+----------+-------------------------------------------
     0 | D:1      | jfcaron the Meteoran Earth Elementalist began the quest for
                  | the Orb.
     0 | D:1      | Reached XP level 1. HP: 14/14 MP: 5/5
    67 | D:1      | Reached XP level 2. HP: 20/20 MP: 1/6
    70 | D:1      | Learned a level 2 spell: Passwall
   334 | D:2      | Reached XP level 3. HP: 26/26 MP: 4/8
   338 | D:2      | Learned a level 3 spell: Stone Arrow
   389 | D:2      | Reached skill level 4 in Earth Magic
   401 | D:2      | Reached XP level 4. HP: 29/33 MP: 3/9
   715 | D:4      | Found a runed translucent gate.
   716 | D:4      | Found a runed translucent gate.
   717 | D:4      | Found a runed translucent gate.
   717 | D:4      | Found an opulent altar of Gozag.
   720 | D:4      | Noticed MAFIAMEASN's ghost (amateur OgFi)
   734 | D:4      | Found a sand-covered staircase.
   743 | Ossuary  | Entered an ossuary
   761 | Ossuary  | Reached XP level 5. HP: 38/38 MP: 2/10
   773 | Ossuary  | Mangled by a mummy

Illustrated notes

Levels and vault maps discovered:
D:1:      eino_arrival_tree_alley, layout_basic
D:2:      layout_basic, minmay_unequal
D:3:      layout_loops_ring, minivault_5, grunt_ministairs_7
D:4:      layout_loops_ring, nicolae_tso_swordbearing_angel,
          minmay_temple_entry_gardened_gates, ebering_ghost_gozag,
          gup_ossuary_entry_pyramid
Ossuary:  ossuary_tomb_3

Skill      XL: |  1  2  3  4 |
---------------+-------------+-----
Spellcasting   | 3 |  3.1
Transmutations | 2 3 |  3.6
Earth Magic    | 4 |  4.4
Dodging        | 3 |  3.0
Stealth        | 2 |  2.0

Action                   |  1- 3 |  4- 6 || total
-------------------------+-------+-------++-------
Melee: Whip              |       |     5 ||     5
 Cast: Sandblast         |    38 |    35 ||    73
       Stone Arrow       |       |     2 ||     2
  Use: Scroll            |     2 |     9 ||    11
       Potion            |       |     1 ||     1
Armor: Robe              |     4 |     7 ||    11
Dodge: Dodged            |     4 |    10 ||    14

Table legend: (Time is in decaauts)
 A = Elapsed time spent in this place.
 B = Non-inter-level travel time spent in this place.
 C = Inter-level travel time spent in this place.
 D = Time resting spent in this place.
 E = Time spent auto-exploring this place.
 F = Levels seen in this place.
 G = Mean time per level.
                   A        B        C        D        E       F      G
               +--------+--------+--------+--------+--------+-----+--------+
         Total |    808 |    783 |     25 |      0 |    377 |   5 |  161.6 |
       Dungeon |    771 |    746 |     25 |      0 |    377 |   4 |  192.8 |
       Ossuary |     36 |     36 |      0 |      0 |      0 |   1 |   36.0 |
               +--------+--------+--------+--------+--------+-----+--------+

Top non-repeatable levels by time:
     D:1: 331 daAuts
     D:3: 230 daAuts
     D:2: 175 daAuts
 Ossuary: 36 daAuts
     D:4: 35 daAuts
